 Dungeon Sprint DCSS version 0.22.1-1-ga44c0e56f4 (webtiles) character file.

400 MuseOD the Spear-Bearer (level 6, -13/90 HPs)
             Began as a Merfolk Berserker on Oct 7, 2018.
             Was a Believer of Trog.
             Mangled by an ice dragon (16 damage)
             ... in the Dungeon (Sprint II: "The Violet Keep of Menkaure").
             The game lasted 00:00:31 (269 turns).

MuseOD the Spear-Bearer (Merfolk Berserker)          Turns: 269, Time: 00:00:32

Health: -13/90     AC:  2    Str: 24    XL:     6   Next: 84%
Magic:  6/6        EV: 16    Int:  7    God:    Trog [**....]
Gold:   243        SH:  0    Dex: 13    Spells: 5/5 levels left

rFire    . . .     SeeInvis .   a - +0 spear
rCold    . . .     Gourm    .   (no shield)
rNeg     . . .     Faith    .   b - +0 animal skin
rPois    .         Spirit   .   (no helmet)
rElec    .         Reflect  .   (no cloak)
rCorr    .         Harm     .   (no gloves)
MR       .....     NoTele   +   (no boots)
Stlth    ..........             (no amulet)
HPRegen  0.25/turn              (no ring)
MPRegen  0.10/turn              (no ring)

@: berserking, very quick
A: change form in water, swift swim, stealthy swim
a: Berserk, Trog's Hand, Renounce Religion


You were in the Dungeon.
You worshipped Trog.
Trog was pleased with you.
You were not hungry.

You visited 1 branch You collected 243 gold pieces.

Inventory:

Hand Weapons
 a - a +0 spear (weapon)
Armour
 b - a +0 animal skin (worn)
Scrolls
 i - a scroll of blinking
Potions
 d - a potion of curing
 e - a potion of heal wounds
 f - a potion of haste
 g - 2 potions of magic
 h - a potion of berserk rage
Comestibles
 c - a ration


   Skills:
 + Level 10.0 Fighting
 + Level 12.9 Polearms
 + Level 3.5 Armour
 + Level 7.4 Dodging


You had 5 spell levels left.
You didn't know any spells.
Your spell library was empty.

Dungeon Overview and Level Annotations

Branches:
Dungeon (1/1)

Altars:
Cheibriados
Dithmenos
Elyvilon
Hepliaklqana
Kikubaaqudgha
Makhleb
Qazlal
Ru
Sif Muna
Trog
Uskayaw
Wu Jian
Xom
Yredelemnul
The Shining One
Beogh
Jiyva
Lugonu


Message History

The ice dragon tramples you.
* * * LOW HITPOINT WARNING * * *
You hold your ground!
You puncture the ice dragon!
The ice dragon is severely wounded.
You closely miss the ice dragon.
The ice dragon is severely wounded.
The ice dragon bites you.
* * * LOW HITPOINT WARNING * * *
The ice dragon claws you!
* * * LOW HITPOINT WARNING * * *
The ice dragon barely misses you.
You hit the ice dragon.
The ice dragon is severely wounded.
You barely miss the ice dragon.
The ice dragon is severely wounded.
You barely miss the ice dragon.
The ice dragon is severely wounded.
The ice dragon bites you!
You die...

..## ... ++ ... .. ..
.. #. .#### +.### ...#
#..@# ###..#####D^# #+#
#.##..#[!'..#
##.##.#.#..#$.#..#
+.<.†###+..####..###
##.##.#.#....###...##▓▓
#+###.##......≈≈≈≈≈≈≈≈≈
###≈≈.....≈#+######
≈≈≈≈≈≈≈..≈#.._._._


You could see an ice dragon.

Vanquished Creatures
  2 hippogriffs (D)
  Menkaure (D)
3 creatures vanquished.

Vanquished Creatures (others)
  A crocodile (D)
1 creature vanquished.

Grand Total: 4 creatures vanquished

Notes
Turn   | Place    | Note
-------+----------+-------------------------------------------
     0 | D        | MuseOD the Merfolk Berserker began the quest for the Orb.
     0 | D        | Reached XP level 1. HP: 18/18 MP: 1/1
     1 | D        | Noticed a hippogriff
     1 | D        | Noticed a hippogriff
    10 | D        | Killed a hippogriff
    10 | D        | Reached skill level 10 in Polearms
    10 | D        | Reached skill level 5 in Dodging
    10 | D        | Reached XP level 2. HP: 31/32 MP: 2/2
    10 | D        | Reached XP level 3. HP: 35/37 MP: 3/3
    10 | D        | Reached XP level 4. HP: 42/44 MP: 4/4
    10 | D        | Reached XP level 5. HP: 47/49 MP: 5/5
    11 | D        | Killed a crocodile
    23 | D        | Killed a hippogriff
    23 | D        | Reached skill level 12 in Polearms
    23 | D        | Reached XP level 6. HP: 18/60 MP: 6/6
    57 | D        | Noticed Menkaure
    60 | D        | Killed Menkaure
    60 | D        | Reached ** piety under Trog
    60 | D        | Reached skill level 10 in Fighting
   214 | D        | Found a roughly hewn altar of Beogh.
   215 | D        | Found a hazy altar of Hepliaklqana.
   215 | D        | Found a snail-covered altar of Cheibriados.
   216 | D        | Found a stormy altar of Qazlal.
   216 | D        | Found a viscous altar of Jiyva.
   216 | D        | Found a shadowy altar of Dithmenos.
   217 | D        | Found a sacrificial altar of Ru.
   217 | D        | Found an ancient bone altar of Kikubaaqudgha.
   217 | D        | Found a white marble altar of Elyvilon.
   218 | D        | Found an ornate altar of the Wu Jian Council.
   218 | D        | Found a deep blue altar of Sif Muna.
   218 | D        | Found a corrupted altar of Lugonu.
   219 | D        | Found a shimmering altar of Xom.
   219 | D        | Found a bloodstained altar of Trog.
   219 | D        | Found a burning altar of Makhleb.
   220 | D        | Found a glowing golden altar of the Shining One.
   220 | D        | Found a basalt altar of Yredelemnul.
   220 | D        | Found a hide-covered altar of Uskayaw.
   254 | D        | Noticed an ice dragon
   266 | D        | HP: 3/90 [ice dragon (7)]
   269 | D        | Mangled by an ice dragon

Skill      XL: |  1  2  3  4  5  6 |
---------------+-------------------+-----
Fighting       | 8 9 10 | 10.0
Polearms       | 10 12 | 12.9
Armour         | 2 3 |  3.5
Dodging        | 5 7 |  7.4

Action                   |  1- 3 |  4- 6 || total
-------------------------+-------+-------++-------
Melee: Spear             |     6 |    29 ||    35
Invok: Berserk           |     1 |     1 ||     2
 Stab: Sleeping          |       |     1 ||     1
Dodge: Dodged            |     4 |     9 ||    13
